[ AOE2 MATCH · #508383595 ]
UnrankedMaya vs Wu
Player's team · WIN
Rival team · LOSS
[ REPLAY ANALYSIS · EXTRACTED FROM THE RECORDED GAME ]
Feudal
12:24
Castle
22:14
Imperial
—
| APM avg | 64.7 |
| APM peak | 126 |
| eAPM avg | 34.5 |
| Villagers / military | 92 / 69 |
Focus
⚔️ 54.9% · 🌾 45.1%
Archer ×54 · Eagle Scout ×7 · Militia ×5 · Battering Ram ×3
Feudal
15:36
Castle
23:02
Imperial
—
| APM avg | 80.7 |
| APM peak | 122 |
| eAPM avg | 45.3 |
| Villagers / military | 68 / 6 |
Focus
⚔️ 41.5% · 🌾 58.5%
Unknown (1968) ×11 · Militia ×6
Match map
Initial resources + every placement click. Lines = walls · curves = elevation contours. ◆ gold · ⬟ stone · ● berries · ✦ relic · ◌ wall gap
Your base· Open — unwalled flank
NW's base· Open — unwalled flank
Smoothed initial terrain · ◌ = detected wall gap · hover for details
Inputs per minute
— 啊这 - - NW
Build order — 啊这
First 150 of 222 actions detected
| 0:02 | Research | Loom |
| 0:03 | Build | House |
| 0:04 | Build | House |
| 0:07 | Queue | Villager (Male) |
| 0:11 | Queue | Villager (Male) |
| 0:15 | Queue | Villager (Male) |
| 1:25 | Queue | Villager (Male) |
| 1:49 | Build | Lumber Camp |
| 1:54 | Queue | Villager (Male) |
| 2:21 | Queue | Villager (Male) |
| 2:42 | Queue | Villager (Male) |
| 3:15 | Queue | Villager (Male) |
| 3:40 | Queue | Villager (Male) |
| 3:50 | Build | House |
| 3:54 | Queue | Villager (Male) |
| 3:54 | Queue | Villager (Male) |
| 4:25 | Queue | Villager (Male) |
| 4:31 | Build | Barracks |
| 4:37 | Queue | Villager (Male) |
| 4:48 | Queue | Villager (Male) |
| 5:16 | Queue | Villager (Male) |
| 5:55 | Queue | Villager (Male) |
| 5:55 | Queue | Villager (Male) |
| 6:46 | Queue | Villager (Male) |
| 7:03 | Build | Mill |
| 7:04 | Build | House |
| 7:13 | Queue | Militia |
| 7:14 | Queue | Villager (Male) |
| 7:19 | Queue | Villager (Male) |
| 7:28 | Build | Mill |
| 7:38 | Queue | Villager (Male) |
| 7:42 | Queue | Villager (Male) |
| 7:42 | Queue | Villager (Male) |
| 8:05 | Queue | Militia |
| 8:58 | Queue | Villager (Male) |
| 8:59 | Build | House |
| 9:13 | Queue | Villager (Male) |
| 9:15 | Queue | Villager (Male) |
| 9:26 | Queue | Villager (Male) |
| 9:27 | Queue | Villager (Male) |
| 9:28 | Queue | Villager (Male) |
| 9:31 | Queue | Villager (Male) |
| 9:33 | Queue | Villager (Male) |
| 9:35 | Queue | Villager (Male) |
| 9:36 | Build | Farm |
| 9:37 | Queue | Villager (Male) |
| 9:40 | Queue | Villager (Male) |
| 9:42 | Queue | Villager (Male) |
| 9:48 | Build | Mining Camp |
| 9:51 | Queue | Villager (Male) |
| 9:57 | Queue | Villager (Male) |
| 10:03 | Queue | Villager (Male) |
| 10:10 | Research | Feudal Age |
| 10:10 | Research | Feudal Age |
| 10:11 | Research | Feudal Age |
| 10:12 | Queue | Villager (Male) |
| 10:21 | Queue | Villager (Male) |
| 10:50 | Queue | Militia |
| 10:55 | Queue | Villager (Male) |
| 10:57 | Build | House |
| 10:59 | Queue | Villager (Male) |
| 11:04 | Queue | Villager (Male) |
| 11:10 | Queue | Militia |
| 11:20 | Queue | Villager (Male) |
| 11:29 | Build | Farm |
| 11:33 | Queue | Villager (Male) |
| 11:39 | Queue | Militia |
| 11:44 | Queue | Villager (Male) |
| 11:51 | Build | Farm |
| 12:01 | Build | Palisade Wall |
| 12:10 | Queue | Villager (Male) |
| 12:10 | Queue | Villager (Male) |
| 12:13 | Build | Farm |
| 12:13 | Queue | Villager (Male) |
| 12:24 | Age | Feudal Age |
| 12:26 | Research | Man-at-Arms (upgrade) |
| 12:26 | Queue | Villager (Male) |
| 12:28 | Build | Archery Range |
| 12:30 | Queue | Villager (Male) |
| 12:51 | Queue | Villager (Male) |
| 13:07 | Build | Farm |
| 13:09 | Queue | Eagle Scout |
| 13:13 | Queue | Villager (Male) |
| 13:19 | Queue | Archer |
| 13:19 | Queue | Archer |
| 13:19 | Queue | Archer |
| 13:28 | Queue | Villager (Male) |
| 13:28 | Queue | Villager (Male) |
| 13:51 | Queue | Villager (Male) |
| 13:55 | Queue | Archer |
| 14:07 | Build | House |
| 14:15 | Build | Farm |
| 14:17 | Queue | Villager (Male) |
| 14:22 | Queue | Archer |
| 14:37 | Queue | Eagle Scout |
| 14:39 | Queue | Archer |
| 14:40 | Queue | Villager (Male) |
| 14:48 | Build | Farm |
| 14:56 | Build | Farm |
| 15:09 | Queue | Archer |
| 15:13 | Queue | Archer |
| 15:15 | Queue | Eagle Scout |
| 15:26 | Queue | Archer |
| 15:32 | Build | House |
| 15:34 | Queue | Archer |
| 15:36 | Research | Double-Bit Axe |
| 15:37 | Queue | Villager (Male) |
| 15:45 | Queue | Archer |
| 15:51 | Build | Farm |
| 16:07 | Queue | Archer |
| 16:11 | Queue | Villager (Male) |
| 16:38 | Queue | Archer |
| 16:42 | Queue | Archer |
| 16:49 | Queue | Archer |
| 16:51 | Queue | Archer |
| 16:52 | Queue | Villager (Male) |
| 16:58 | Queue | Archer |
| 16:59 | Queue | Villager (Male) |
| 17:02 | Queue | Eagle Scout |
| 17:02 | Queue | Eagle Scout |
| 17:04 | Build | House |
| 17:07 | Build | House |
| 17:12 | Queue | Archer |
| 17:32 | Build | House |
| 17:32 | Build | House |
| 17:33 | Queue | Villager (Male) |
| 18:05 | Queue | Archer |
| 18:06 | Queue | Villager (Male) |
| 18:12 | Queue | Villager (Male) |
| 18:14 | Queue | Villager (Male) |
| 18:15 | Queue | Villager (Male) |
| 18:18 | Build | Farm |
| 18:19 | Queue | Villager (Male) |
| 18:21 | Build | Blacksmith |
| 18:46 | Queue | Villager (Male) |
| 18:56 | Queue | Villager (Male) |
| 18:59 | Queue | Archer |
| 19:09 | Queue | Villager (Male) |
| 19:28 | Queue | Archer |
| 19:32 | Research | Castle Age |
| 19:32 | Research | Castle Age |
| 19:32 | Research | Castle Age |
| 19:34 | Queue | Archer |
| 19:44 | Build | House |
| 19:46 | Build | Palisade Wall |
| 19:49 | Build | Lumber Camp |
| 20:00 | Queue | Archer |
| 20:05 | Queue | Villager (Male) |
| 20:11 | Research | Gold Mining |
| 20:14 | Queue | Archer |
Build order — NW
First 150 of 157 actions detected
| 0:00 | Queue | Villager (Male) |
| 0:00 | Queue | Villager (Male) |
| 0:01 | Queue | Villager (Male) |
| 0:02 | Build | House |
| 0:03 | Build | House |
| 0:08 | Queue | Villager (Male) |
| 1:05 | Queue | Villager (Male) |
| 1:39 | Research | Loom |
| 1:57 | Queue | Villager (Male) |
| 2:20 | Queue | Villager (Male) |
| 2:36 | Build | Barracks |
| 2:45 | Build | Barracks |
| 2:48 | Queue | Villager (Male) |
| 3:20 | Queue | Villager (Male) |
| 3:42 | Queue | Militia |
| 3:44 | Build | House |
| 4:04 | Queue | Villager (Male) |
| 4:18 | Queue | Militia |
| 4:20 | Build | House |
| 4:38 | Queue | Villager (Male) |
| 5:08 | Queue | Villager (Male) |
| 5:08 | Queue | Villager (Male) |
| 5:34 | Queue | Villager (Male) |
| 5:41 | Queue | Villager (Male) |
| 6:04 | Queue | Militia |
| 6:26 | Queue | Villager (Male) |
| 6:44 | Build | Mill |
| 7:00 | Queue | Villager (Male) |
| 7:00 | Queue | Villager (Male) |
| 7:30 | Queue | Villager (Male) |
| 7:33 | Build | Lumber Camp |
| 8:01 | Queue | Villager (Male) |
| 8:01 | Queue | Villager (Male) |
| 8:07 | Build | Outpost |
| 8:26 | Queue | Villager (Male) |
| 8:29 | Build | House |
| 8:35 | Queue | Militia |
| 9:00 | Queue | Villager (Male) |
| 9:01 | Queue | Villager (Male) |
| 9:01 | Queue | Villager (Male) |
| 9:02 | Build | Farm |
| 9:03 | Build | Farm |
| 9:10 | Queue | Militia |
| 9:29 | Queue | Militia |
| 9:34 | Queue | Villager (Male) |
| 9:34 | Queue | Villager (Male) |
| 9:45 | Queue | Villager (Male) |
| 9:54 | Build | Mill |
| 9:56 | Queue | Villager (Male) |
| 10:09 | Build | Lumber Camp |
| 10:09 | Queue | Villager (Male) |
| 10:14 | Queue | Villager (Male) |
| 10:31 | Queue | Villager (Male) |
| 10:46 | Build | Farm |
| 10:56 | Queue | Villager (Male) |
| 11:09 | Build | House |
| 11:19 | Build | Palisade Gate |
| 11:20 | Queue | Villager (Male) |
| 11:20 | Queue | Villager (Male) |
| 11:27 | Build | Palisade Wall |
| 11:28 | Queue | Villager (Male) |
| 11:30 | Queue | Villager (Male) |
| 11:33 | Build | Mining Camp |
| 11:36 | Build | Palisade Wall |
| 11:44 | Build | House |
| 11:51 | Build | Palisade Wall |
| 11:52 | Queue | Villager (Male) |
| 12:02 | Queue | Villager (Male) |
| 12:11 | Build | Farm |
| 12:21 | Queue | Villager (Male) |
| 12:38 | Build | Palisade Wall |
| 12:39 | Build | Palisade Wall |
| 12:51 | Queue | Villager (Male) |
| 12:52 | Queue | Villager (Male) |
| 12:54 | Build | Farm |
| 13:12 | Build | Palisade Wall |
| 13:17 | Queue | Villager (Male) |
| 13:24 | Build | House |
| 13:26 | Research | Feudal Age |
| 13:28 | Build | Farm |
| 13:35 | Queue | Villager (Male) |
| 13:46 | Build | Palisade Wall |
| 13:51 | Build | Palisade Wall |
| 13:53 | Build | Palisade Wall |
| 13:56 | Queue | Villager (Male) |
| 14:12 | Build | Palisade Wall |
| 14:23 | Build | Palisade Wall |
| 14:25 | Build | Farm |
| 14:33 | Queue | Villager (Male) |
| 14:37 | Build | Farm |
| 14:37 | Build | Farm |
| 14:42 | Build | Palisade Wall |
| 15:01 | Build | Mining Camp |
| 15:33 | Build | Palisade Wall |
| 15:36 | Age | Feudal Age |
| 15:42 | Build | Stone Wall |
| 15:45 | Build | Stone Wall |
| 15:46 | Queue | Villager (Male) |
| 15:54 | Build | Stone Wall |
| 15:57 | Build | Market |
| 16:02 | Queue | Villager (Male) |
| 16:10 | Build | Watch Tower |
| 16:15 | Queue | Villager (Male) |
| 16:21 | Build | House |
| 16:25 | Build | Palisade Wall |
| 16:27 | Build | Palisade Wall |
| 16:39 | Queue | Villager (Male) |
| 16:47 | Build | Palisade Wall |
| 16:47 | Queue | Villager (Male) |
| 16:56 | Queue | Villager (Male) |
| 17:01 | Build | Palisade Wall |
| 17:10 | Build | Watch Tower |
| 17:17 | Build | Market |
| 17:33 | Research | Town Watch |
| 17:40 | Queue | Villager (Male) |
| 17:53 | Queue | Villager (Male) |
| 17:53 | Queue | Villager (Male) |
| 18:03 | Queue | Villager (Male) |
| 18:14 | Build | Watch Tower |
| 18:15 | Queue | Villager (Male) |
| 18:29 | Build | Blacksmith |
| 18:40 | Build | Palisade Wall |
| 18:43 | Build | Palisade Gate |
| 18:44 | Queue | Villager (Male) |
| 19:00 | Queue | Villager (Male) |
| 19:36 | Build | Palisade Wall |
| 20:08 | Build | House |
| 20:15 | Build | House |
| 20:22 | Research | Castle Age |
| 20:36 | Build | Watch Tower |
| 20:45 | Build | Gate |
| 21:23 | Queue | Villager (Male) |
| 21:41 | Build | House |
| 21:47 | Research | Double-Bit Axe |
| 22:38 | Research | Fletching |
| 23:02 | Age | Castle Age |
| 23:06 | Queue | Villager (Male) |
| 23:07 | Queue | Villager (Male) |
| 23:16 | Build | Castle |
| 23:25 | Queue | Villager (Male) |
| 23:50 | Queue | Villager (Male) |
| 24:18 | Queue | Villager (Male) |
| 24:19 | Queue | Unit 1968 |
| 24:19 | Queue | Unit 1968 |
| 24:32 | Queue | Unit 1968 |
| 24:32 | Queue | Unit 1968 |
| 24:48 | Queue | Unit 1968 |
| 24:48 | Queue | Unit 1968 |
| 24:55 | Queue | Unit 1968 |
| 24:59 | Queue | Villager (Male) |
Match timeline
| 2:36 | NW · first_building Barracks |
| 4:31 | 啊这 · first_building Barracks |
| 11:27 | NW · wall_segment Palisade Wall x1 |
| 11:36 | NW · wall_segment Palisade Wall x1 |
| 11:51 | NW · wall_segment Palisade Wall x1 |
| 12:01 | 啊这 · wall_segment Palisade Wall x1 |
| 12:24 | 啊这 · age_up feudal |
| 12:28 | 啊这 · first_building Archery Range |
| 12:38 | NW · wall_segment Palisade Wall x12 |
| 12:39 | NW · wall_segment Palisade Wall x3 |
| 13:12 | NW · wall_segment Palisade Wall x8 |
| 13:46 | NW · wall_segment Palisade Wall x4 |
| 13:51 | NW · wall_segment Palisade Wall x18 |
| 13:53 | NW · wall_segment Palisade Wall x9 |
| 14:12 | NW · wall_segment Palisade Wall x1 |
| 14:23 | NW · wall_segment Palisade Wall x1 |
| 14:42 | NW · wall_segment Palisade Wall x3 |
| 15:33 | NW · wall_segment Palisade Wall x9 |
| 15:36 | NW · age_up feudal |
| 15:42 | NW · wall_segment Stone Wall x4 |
| 15:45 | NW · wall_segment Stone Wall x1 |
| 15:54 | NW · wall_segment Stone Wall x4 |
| 16:25 | NW · wall_segment Palisade Wall x1 |
| 16:27 | NW · wall_segment Palisade Wall x1 |
| 16:47 | NW · wall_segment Palisade Wall x1 |
| 17:01 | NW · wall_segment Palisade Wall x1 |
| 18:40 | NW · wall_segment Palisade Wall x1 |
| 19:21 | NW · first_market_sell 500 wood |
| 19:23 | NW · first_market_buy 100 food |
| 19:36 | NW · wall_segment Palisade Wall x1 |
| 19:46 | 啊这 · wall_segment Palisade Wall x1 |
| 22:14 | 啊这 · age_up castle |
| 22:56 | 啊这 · first_building Siege Workshop |
| 23:02 | NW · age_up castle |
| 23:16 | NW · first_building Castle |
| 25:59 | NW · resign |
[ AI ANALYSIS · 1 CREDIT ]
What really happened in this match?
Wolo.gg analyzes every decision: build order, eco, micro, common mistakes by bracket. Personalized analysis on WhatsApp or Discord in 30 seconds.
Civ guide
Maya
Perfil
Jugador #3051123